 Seeded DCSS version 0.30-a0-177-g1cb5dbfd7a (webtiles) character file.

Game seed: 20221003 (custom seed)

1183 a11behringer the Conjurer (level 8, 0/63 HPs)
             Began as a Purple Draconian Conjurer on Oct 3, 2022.
             Was an Initiate of Vehumet.
             Succumbed to Dowan's poison
             ... on level 6 of the Dungeon.
             The game lasted 00:33:55 (6204 turns).

a11behringer the Conjurer (DrCj)                    Turns: 6204, Time: 00:33:55

Health: 0/63       AC: 12    Str:  9    XL:     8   Next: 19%
Magic:  3/15       EV: 12    Int: 21    God:    Vehumet [......]
Gold:   357        SH:  0    Dex: 10    Spells: 13/16 levels left

rFire   . . .      SeeInvis .    v - staff of earth
rCold   . . .      Faith    .    (no shield)
rNeg    . . .      Spirit   .    (body armour unavailable)
rPois   .          Reflect  .    (helmet restricted)
rElec   .          Harm     .    (no cloak)
rCorr   .          Rampage  .    b - +0 pair of gloves
Will    ++...                    q - +0 pair of boots
Stlth   ++........               (no amulet)
HPRegen 0.30/turn                G - +4 ring of protection
MPRegen 0.14/turn                u - ring of willpower

@: lethally poisoned (0 -> -2), hasted, very quick
A: breathe power, AC +6, unfitting armour, cold-blooded
a: Breathe Dispelling Energy, Renounce Religion


You were on level 6 of the Dungeon.
You worshipped Vehumet.
Vehumet was noncommittal.
You visited 2 branches of the dungeon, and saw 7 of its levels.

You collected 357 gold pieces.

Inventory:

Hand Weapons
 d - a +0 dagger
 g - a +0 short sword
 i - a +0 whip
 F - a +4 whip of draining
 H - a +0 quarterstaff
Armour
 b - a +0 pair of gloves (worn)
 q - a +0 pair of boots (worn)
Magical Staves
 v - a staff of earth (weapon)
Jewellery
 a - a ring of poison resistance
 h - a ring of poison resistance
 o - a ring of ice
 u - a ring of willpower (right hand)
 D - an amulet of guardian spirit
 G - a +4 ring of protection (left hand)
 I - a +6 ring of dexterity
Wands
 r - a wand of flame (24)
 y - a wand of iceblast (7)
Scrolls
 e - 2 scrolls of vulnerability
 f - 3 scrolls of brand weapon
 k - a scroll of blinking {unknown}
 l - 3 scrolls of magic mapping
 m - a scroll of enchant weapon {unknown}
 n - 2 scrolls of immolation {unknown}
 p - 2 scrolls of amnesia {unknown}
 s - a scroll of poison {unknown}
 t - 3 scrolls of teleportation {unknown}
 w - 2 scrolls of summoning {unknown}
 C - a scroll of acquirement {unknown}
 E - a scroll of fog {unknown}
Potions
 c - a potion of heal wounds
 x - a potion of might {unknown}
 z - 2 potions of haste
 A - 3 potions of mutation
 B - a potion of lignification {unknown}


   Skills:
 + Level 3.5 Fighting
 + Level 2.7 Staves
 + Level 3.6 Dodging
 + Level 3.7 Stealth
 + Level 1.6 Unarmed Combat
 * Level 4.9 Spellcasting
 * Level 6.4 Conjurations
 + Level 1.8 Evocations


You had 13 spell levels left.
You knew the following spells:

 Your Spells              Type           Power      Damage    Failure   Level
a - Magic Dart            Conj           100%       1d8       1%          1
b - Searing Ray           Conj           64%        2d6       1%          2

Your spell library contained the following spells:

 Spells                   Type           Power      Damage    Failure   Level
 Dazzling Flash           Conj/Hex       36%        N/A       9%          3
 Apportation              Tloc           10%        N/A       11%         1
 Necrotise                Necr           20%        1d5       11%         1
 Summon Small Mammal      Summ           20%        N/A       11%         1
 Fulminant Prism          Conj/Hex       9%         3d7       28%         4
 Iskenderun's Mystic Bla  Conj/Tloc      18%        2d6       28%         4
 Irradiate                Conj/Tmut      9%         3d14      63%         5
 Blade Hands              Tmut           2%         N/A       97%         5
 Dragon Form              Tmut           2%         N/A       100%        7


Dungeon Overview and Level Annotations

Branches:
Dungeon (6/15)             Temple (1/1) D:5

Altars:
Cheibriados
Dithmenos
Fedhas
Hepliaklqana
Kikubaaqudgha
Makhleb
Nemelex Xobeh
Ru
Sif Muna
Trog
Vehumet
Wu Jian
Xom
Yredelemnul
Zin
The Shining One

Shops:
D:1 *   D:3 :**   D:4 =?(**

Portals:
Abyss: D:6

Annotations:
D:6 2 transporters, Chroloform's ghost, novice MiFi; Duvessa


Innate Abilities, Weirdness & Mutations

You can breathe bolts of dispelling energy.
Your rich purple scales are hard. (AC +6)
You cannot fit into any form of body armour.
You are cold-blooded and may be slowed by cold attacks.


Message History

Duvessa hits you but does no damage. Duvessa hits you with a +0 short sword.
The searing ray hits Duvessa.
Duvessa is moderately wounded.
You finish channelling your searing ray.
You feel very sick. Duvessa misses you.
An orc comes into view. It is wielding a +0 flail.
Casting: Searing Ray (safe; 1% risk of failure)
Confirm with . or Enter, or press ? or * to list all spells.
Aiming: Searing Ray (safe; 1% risk of failure)
Press: ? - help, Shift-Dir - straight line, f - Duvessa
Aim: Duvessa, wielding a +0 short sword and wearing a +0 leather armour (moderately wounded, berserk, 83% to hit)
The searing ray hits Duvessa!
Duvessa is heavily wounded. (Press . to maintain the ray.)
You feel sick. Duvessa hits you with a +0 short sword!
Duvessa hits you with a +0 short sword.
The searing ray hits Duvessa!
Duvessa is severely wounded.
The searing ray hits the orc.
The orc is heavily wounded.
You feel sick. Duvessa hits you with a +0 short sword.
The searing ray hits Duvessa.
Duvessa is almost dead.
The searing ray hits the orc.
You kill the orc!
Vehumet accepts your kill.
You feel sick. Duvessa hits you with a +0 short sword!
* * * LOW HITPOINT WARNING * * *
Duvessa hits you with a +0 short sword!
* * * LOW HITPOINT WARNING * * *
You feel much better.
You feel sick. Duvessa hits you with a +0 short sword!
You feel yourself speed up.
You feel sick. Duvessa hits you with a +0 short sword!
* * * LOW HITPOINT WARNING * * *
Duvessa hits you with a +0 short sword.
* * * LOW HITPOINT WARNING * * *
* * * LOW HITPOINT WARNING * * *
You feel sick.
You die...

**,,,*******,**,#####.###
*,,,,..# *,*,*,*#.......
**,*,#.# *,**,,*#....###
*,,*#.# **,***##..###
*,**#.# **_###...#
*********,* #.#
*##....†##### *,,,,,,,*,*
#.# ###..#........
*,*****,*,*
#.#####....##....... *,*
#.#.###e.@.....<..........
*,*
#..)[)..#####.#.........©#
*,* #.#.###.#
#.#.......####
*,*****,*,,*#.#
##.#...#..##.?.
*,,,,,,,**,*#.#
##.#....#..#..##
****,*****,*#.#
#.###..>...##.** *,*
#,*#.# ##.#........##,.
*,* #.*#.# ##.#...#...#*..
*,*
#.##.#####.#...#..##.#.


You could see Duvessa (berserk).

Vanquished Creatures
  Menkaure (D:5)
  An ice beast (D:6)
  2 ogres
  A lemure (D:6)
  A phantom (D:4)
  Blork the orc (D:6)
  A necrophage (D:5)
  A scorpion (D:5)
  Dowan (D:6)
  2 jellies (D:5)
  A gnoll bouda (D:4)
  3 hounds
  An iguana (D:6)
  Natasha (thrice) (D:2)
  5 gnolls (D:4)
  10 adders
  A white imp (D:4)
  An ufetubus (D:4)
  A worm (D:3)
  2 dart slugs (D:1)
  2 orcs
  4 bats
  4 endoplasms
  A giant cockroach (D:2)
  6 goblins
  5 hobgoblins
  9 jackals
  8 kobolds
  3 quokkas
  5 ball pythons
  6 frilled lizards
  A rat (D:2)
94 creatures vanquished.

Vanquished Creatures (others)
  8 plants (D:1)
8 creatures vanquished.

Grand Total: 102 creatures vanquished

Notes
Turn   | Place    | Note
-------+----------+-------------------------------------------
     0 | D:1      | a11behringer the Draconian Conjurer began the quest for the
                  | Orb.
     0 | D:1      | Reached XP level 1. HP: 14/14 MP: 3/3
   183 | D:1      | Reached XP level 2. HP: 22/22 MP: 3/5
   298 | D:1      | Learned a level 2 spell: Searing Ray
   532 | D:1      | Found Seus Woi's Assorted Antiques.
   978 | D:1      | Reached skill level 1 in Fighting
  1077 | D:2      | Reached XP level 3. HP: 28/28 MP: 4/6
  1190 | D:2      | Noticed Natasha
  1194 | D:2      | Killed Natasha
  1450 | D:2      | Found a faded altar of an unknown god.
  1454 | D:2      | Noticed Natasha
  1469 | D:2      | Killed Natasha
  1470 | D:2      | Reached XP level 4. HP: 33/35 MP: 1/7
  1726 | D:2      | Noticed Natasha
  1738 | D:2      | Killed Natasha
  2286 | D:3      | Found Poeceuz's Assorted Antiques.
  2625 | D:3      | Reached XP level 5. HP: 41/41 MP: 5/8
  2653 | D:3      | Found Reyj's General Store.
  2817 | D:3      | Found Ufaxular's Book Shop.
  2979 | D:4      | Noticed a phantom
  2986 | D:4      | Reached skill level 5 in Conjurations
  3000 | D:4      | Killed a phantom
  3001 | D:4      | Reached skill level 1 in Staves
  3066 | D:4      | Found Hamutuf's Assorted Antiques.
  3102 | D:4      | Found Nete's Magic Scroll Shoppe.
  3155 | D:4      | Found Itwaed's Jewellery Shoppe.
  3292 | D:4      | Reached XP level 6. HP: 48/48 MP: 6/10
  3638 | D:4      | Found Kaso's Antique Weapon Shop.
  4000 | D:4      | Found a shadowy altar of Dithmenos.
  4032 | D:4      | Found a snail-covered altar of Cheibriados.
  4032 | D:4      | Found a shimmering blue altar of Sif Muna.
  4032 | D:4      | Found an ornate altar of the Wu Jian Council.
  4032 | D:4      | Found an ancient bone altar of Kikubaaqudgha.
  4099 | D:4      | Found Ecoet's General Store.
  4157 | D:4      | Found a sacrificial altar of Ru.
  4595 | D:5      | Entered Level 5 of the Dungeon
  4600 | D:5      | Your scales start taking on a rich purple colour.
  4600 | D:5      | Reached XP level 7. HP: 56/56 MP: 6/12
  4879 | D:5      | Found a staircase to the Ecumenical Temple.
  4895 | D:5      | Noticed Menkaure
  4902 | D:5      | Killed Menkaure
  4903 | D:5      | Reached skill level 1 in Unarmed Combat
  4903 | D:5      | Reached skill level 6 in Conjurations
  4903 | D:5      | Reached skill level 1 in Evocations
  5224 | Temple   | Entered the Ecumenical Temple
  5229 | Temple   | Became a worshipper of Vehumet
  5773 | D:6      | Noticed a small abomination
  5773 | D:6      | Noticed an ancient zyme
  5780 | D:6      | Noticed Chroloform's ghost (novice MiFi)
  5790 | D:6      | Found a one-way gate to the infinite horrors of the Abyss.
  5795 | D:6      | Noticed Blork the orc
  5796 | D:6      | Noticed a small abomination
  5803 | D:6      | Killed Blork the orc
  5815 | D:6      | Found a transporter.
  5870 | D:6      | Found a transporter.
  5903 | D:6      | Reached XP level 8. HP: 63/63 MP: 3/15
  6185 | D:6      | Noticed Dowan
  6189 | D:6      | Noticed Duvessa
  6194 | D:6      | Killed Dowan
  6201 | D:6      | HP: 1/63 [Duvessa/+0 short sword (6)]
  6204 | D:6      | Succumbed to Dowan's poison

Illustrated notes

Levels and vault maps discovered:
D:1:      noname_arrival_rooms_in_the_neighbourhood, layout_loops_ring,
          serial_shops, nicolae_shop_waterfront, minmay_lizard_king
D:2:      minmay_alternating_diamond, layout_basic,
          chequers_ecumenical_altar_island, uniq_natasha
D:3:      layout_rooms, serial_shops, nicolae_diamond_shop,
          nicolae_shop_hallway_plus, shop, st_stairs_14,
          nicolae_concentric_dashed_squares_wild
D:4:      layout_basic, nicolae_overflow_hidden_temple,
          chequers_temple_overflow_statue_of_worship,
          mainiacjoe_overflow_24_doors, lemuel_coloured_pillars_altar,
          serial_shops, nicolae_diamond_shop, shop, nicolae_shop_stone, shop,
          nicolae_inconvenience_store, lightli_minifort
D:5:      layout_basic, minmay_temple_entry_enclosed_plants, uniq_menkaure
D:6:      layout_loops_ring, marbit_many_paths,
          nicolae_qazlal_general_emergency, gammafunk_ghost_abyssal_escape,
          uniq_duvessa, uniq_blork_the_orc, uniq_crazy_yiuf_cottage, uniq_pikel
Temple:   hellmonk_temple_micro_hex

Skill      XL: |  1  2  3  4  5  6  7 |
---------------+----------------------+-----
Dodging        | 2 3 |  3.6
Stealth        | 2 3 |  3.7
Fighting       | 1 2 3 |  3.5
Conjurations   | 5 6 |  6.4
Staves         | 1 2 |  2.7
Spellcasting   | 3 4 |  4.9
Unarmed Combat | 1 |  1.6
Evocations     | 1 |  1.8

Action                   |  1- 3 |  4- 6 |  7- 9 || total
-------------------------+-------+-------+-------++-------
Melee: Dagger            |     2 |       |       ||     2
       Tailslap          |     2 |     6 |       ||     8
       Whip              |    19 |     3 |       ||    22
       Staff             |       |    26 |     2 ||    28
 Cast: Magic Dart        |    40 |    73 |    19 ||   132
       Searing Ray       |     5 |    24 |    19 ||    48
 Abil: Breathe Dispellin |       |       |     3 ||     3
  Use: Potion            |       |     1 |     2 ||     3
       Scroll            |       |       |     6 ||     6
 Stab: Sleeping          |     1 |       |       ||     1
Armor: Skin              |     2 |    17 |    18 ||    37
Dodge: Dodged            |     7 |    25 |    10 ||    42

Table legend: (Time is in decaauts)
 A = Elapsed time spent in this place.
 B = Non-inter-level travel time spent in this place.
 C = Inter-level travel time spent in this place.
 D = Time resting spent in this place.
 E = Time spent auto-exploring this place.
 F = Levels seen in this place.
 G = Mean time per level.
                   A        B        C        D        E       F      G
               +--------+--------+--------+--------+--------+-----+--------+
         Total |   6213 |   5801 |    412 |      0 |   5069 |   7 |  887.6 |
       Dungeon |   6202 |   5798 |    404 |      0 |   5069 |   6 | 1033.7 |
        Temple |     10 |      2 |      8 |      0 |      0 |   1 |   10.0 |
               +--------+--------+--------+--------+--------+-----+--------+

Top non-repeatable levels by time:
     D:4: 1518 daAuts
     D:2: 1226 daAuts
     D:5: 1061 daAuts
     D:1: 1048 daAuts
     D:3: 813 daAuts
     D:6: 535 daAuts
  Temple: 10 daAuts
